 Dungeon Crawl Stone Soup version 0.28-a0-1114-g8eb0198dcf (webtiles) character file.

Game seed: 9474489948365755645

592 Astera the Poker (level 7, -9/49 (54) HPs)
             Began as a Merfolk Gladiator on Dec 11, 2021.
             Was an Initiate of Ru.
             Mangled by a wight (12 damage)
             ... on level 4 of the Dungeon.
             The game lasted 00:12:09 (4402 turns).

Astera the Poker (Merfolk Gladiator)                Turns: 4402, Time: 00:12:10

HP:   -9/49 (54)    AC:  7    Str: 14    XL:     7   Next: 39%
MP:   7/7           EV: 15    Int:  8    God:    Ru [......]
Gold: 234           SH:  0    Dex: 17    Spells: 6/6 levels left

rFire   . . .      SeeInvis .   a - +0 trident
rCold   + . .      Faith    .   (no shield)
rNeg    . . .      Spirit   .   j - +2 animal skin
rPois   .          Reflect  .   k - +2 helmet
rElec   .          Harm     .   (no cloak)
rCorr   .          Rampage  .   (no gloves)
Will    .....                   (no boots)
Stlth   ..........              (no amulet)
HPRegen 0.16/turn               l - ring of protection from cold
MPRegen 0.10/turn               m - +4 ring of slaying

@: drained
A: no stealth, (nimble swimmer 2), mertail
a: Renounce Religion


You were on level 4 of the Dungeon.
You worshipped Ru.
Ru was noncommittal.
You visited 1 branch of the dungeon, and saw 5 of its levels.

You collected 234 gold pieces.

Inventory:

Hand Weapons
 a - a +0 trident (weapon)
Missiles
 d - 3 throwing nets
 n - 4 boomerangs (quivered)
Armour
 j - a +2 animal skin (worn)
 k - a +2 helmet (worn)
Magical Staves
 q - a staff of cold
Jewellery
 h - a ring of ice
 l - a ring of protection from cold (left hand)
 m - a +4 ring of slaying (right hand)
 s - an amulet of reflection
Scrolls
 f - a scroll of identify
 g - a scroll of fear {unknown}
 i - a scroll of immolation {unknown}
 o - a scroll of torment {unknown}
 p - 2 scrolls of amnesia {unknown}
 r - 3 scrolls of teleportation
 x - a scroll of silence {unknown}
 y - a scroll of summoning {unknown}
 A - a scroll of vulnerability {unknown}
Potions
 b - a potion of heal wounds {unknown}
 c - 2 potions of cancellation {unknown}
 e - 4 potions of mutation {unknown}
 u - a potion of curing {unknown}
 v - a potion of magic {unknown}
 w - a potion of resistance {unknown}
 z - a potion of might {unknown}


   Skills:
 + Level 4.1 Fighting
 - Level 7.9(8.2) Polearms
 * Level 1.5(3.2) Staves
 - Level 2.1 Throwing
 - Level 1.1 Armour
 + Level 5.5 Dodging
 * Level 2.1 Ice Magic


You had 6 spell levels left.
You didn't know any spells.
Your spell library contained the following spells:

 Spells                   Type           Power      Damage    Failure   Level
 Animate Skeleton         Necr           0%         N/A       41%         1
 Magic Dart               Conj           0%         1d3       41%         1
 Pain                     Necr           0%         1d4       41%         1
 Sandblast                Erth           0%         2d4       41%         1
 Searing Ray              Conj           0%         2d4       54%         2
 Static Discharge         Conj/Air       0%         N/A       54%         2
 Vampiric Draining        Necr           0%         2d6       78%         3
 Dispel Undead            Necr           0%         3d6       99%         4
 Fulminant Prism          Conj/Hex       0%         3d6       99%         4
 Lightning Bolt           Conj/Air       0%         1d11      100%        5
 Infestation              Necr           0%         N/A       100%        8
 Maxwell's Capacitive Co  Air            0%         ∞         100%        8


Dungeon Overview and Level Annotations

Branches:
Dungeon (5/15)             Temple (0/1) D:5

Altars:
Cheibriados
Dithmenos
Hepliaklqana
Kikubaaqudgha
Ru
Sif Muna
Uskayaw
The Shining One

Shops:
D:1 *


Innate Abilities, Weirdness & Mutations

You cannot be stealthy.
((You are quick and stealthy near water. (Stealth+, EV+, Speed+++)))
Your lower body shifts to a powerful aquatic tail in water.


Message History

The wight closely misses you.
You hit the wight.
The wight is moderately damaged.
You hit the wight but do no damage. The wight closely misses you.
The wight closely misses you.
There is a stone staircase leading up here.
You climb upwards.
There is a stone staircase leading down here.
You climb downwards.
The wight hits you with a +0 scimitar!
You feel drained. The wight closely misses you. The wight barely misses you.
The wight hits you with a +4 morningstar.
You feel drained. The wight hits you with a +0 scimitar!
There is a stone staircase leading up, spattered with blood here.
You barely miss the wight. The wight closely misses you. x2
The wight hits you but does no damage.
The wight hits you with a +4 morningstar!
You puncture the wight!
The wight is severely damaged.
The wight barely misses you. The wight hits you but does no damage.
The wight barely misses you.
The wight hits you with a +4 morningstar.
* * * LOW HITPOINT WARNING * * *
You feel drained.
* * * LOW HITPOINT WARNING * * *
The wight barely misses you. The wight closely misses you.
The wight barely misses you. The wight misses you.
You climb upwards.
There is a stone staircase leading down here.
As you read the scroll labelled WUXYIS EZOU, it crumbles to dust.
It is a scroll of enchant armour.
You aren't carrying any armour which can be enchanted further.
The wight hits you with a +4 morningstar.
* * * LOW HITPOINT WARNING * * *
The wight barely misses you. The wight closely misses you.
As you read the scroll labelled FUSOAWN PEINN, it crumbles to dust.
It is a scroll of identify.
r - 3 scrolls of teleportation The wight barely misses you. x2
The wight hits you with a +4 morningstar!
You die...

.# #..##+.M#.#.# .#
#...#####.#.# ### .#
#..#.....##.# #<# .#
#..#######.)# #.# .#
#############...........# #.# .#
#...............####.##.# #.# .#
#.....########### #....# #.#
.###.[...#################.# #.#
...............z@z.........# #.#
.###.....#######z########### #.#
...............#z# #.#
.#############.#.#############.#
.# #.#.##...[......#.# .#
#...##.########.#.## .#
##......# #.#... .#
########......# #.#### .#
#.............# #.#


You could see 4 wights.

Vanquished Creatures
  A water moccasin (D:5)
  A phantom (D:4)
  A water moccasin skeleton (D:4)
  A bullfrog zombie (D:5)
  A jelly (D:5)
  4 hounds
  An iguana (D:5)
  Robin (D:1)
  6 adders
  2 white imps
  2 worms (D:2)
  2 dart slugs
  2 orcs
  4 ball pythons
  2 endoplasms
  2 giant cockroaches
  11 goblins
  8 hobgoblins
  2 quokkas
  6 bats
  2 frilled lizards
  A goblin skeleton (D:3)
  3 goblin zombies (D:3)
  2 hobgoblin zombies (D:3)
  7 kobolds
  A kobold skeleton (D:3)
  A kobold zombie (D:3)
  An orc skeleton (D:3)
  An orc zombie (D:3)
  7 rats
86 creatures vanquished.

Notes
Turn   | Place    | Note
-------+----------+-------------------------------------------
     0 | D:1      | Astera the Merfolk Gladiator began the quest for the Orb.
     0 | D:1      | Reached XP level 1. HP: 16/16 MP: 1/1
   238 | D:1      | Found a faded altar of an unknown god.
   242 | D:1      | Prayed at the altar of an unknown god.
   242 | D:1      | Became a worshipper of Sif Muna the Loreminder
   242 | D:1      | Reached * piety under Sif Muna
   243 | D:1      | Fell from the grace of Sif Muna
   503 | D:1      | Reached XP level 2. HP: 22/22 MP: 2/2
   672 | D:1      | Found Pagung's Assorted Antiques.
   803 | D:2      | Noticed Robin
   805 | D:2      | Reached skill level 5 in Polearms
   808 | D:2      | Reached XP level 3. HP: 20/28 MP: 3/3
  1098 | D:1      | Killed Robin
  1279 | D:2      | Reached skill level 1 in Armour
  1327 | D:2      | Reached XP level 4. HP: 34/34 MP: 4/4
  1379 | D:2      | You fall into a shaft and drop 1 floor!
  1389 | D:3      | Found a sacrificial altar of Ru.
  1399 | D:3      | Became a worshipper of Ru the Awakened
  1483 | D:3      | Found a hide-covered altar of Uskayaw.
  1568 | D:3      | Found a glowing golden altar of the Shining One.
  2117 | D:4      | Reached skill level 6 in Polearms
  2117 | D:4      | Reached XP level 5. HP: 39/40 MP: 5/5
  2216 | D:4      | Reached skill level 7 in Polearms
  2216 | D:4      | Reached skill level 1 in Stealth
  2275 | D:4      | Reached XP level 6. HP: 37/47 MP: 6/6
  2344 | D:4      | Found a shadowy altar of Dithmenos.
  2344 | D:4      | Noticed a shadow
  2349 | D:4      | Found a hazy altar of Hepliaklqana.
  2358 | D:4      | Reached skill level 5 in Dodging
  2694 | D:4      | Found a snail-covered altar of Cheibriados.
  3097 | D:5      | Entered Level 5 of the Dungeon
  3207 | D:2      | Gained mutation: You cannot be stealthy. [Ru sacrifice]
  3540 | D:2      | Got the Incunabulum of Doomed Stones
  3792 | D:5      | Found a staircase to the Ecumenical Temple.
  3866 | D:5      | Reached skill level 1 in Ice Magic
  3972 | D:5      | Found an ancient bone altar of Kikubaaqudgha.
  4001 | D:5      | Reached XP level 7. HP: 42/53 MP: 7/7
  4091 | D:5      | Reached skill level 1 in Staves
  4402 | D:4      | Mangled by a wight

Illustrated notes

Levels and vault maps discovered:
D:1:      dpeg_arrival_long_road, layout_basic,
          hellmonk_ecumenical_altar_leap_of_faith, serial_shops, shop_fountains,
          corexii_leaking_fountain
D:2:      layout_basic, chequers_serial_rivers_room_a, uniq_robin
D:3:      layout_basic, nicolae_tso_besieged_by_evil, hangedman_ru_absence,
          nicolae_uskayaw_murder_on_the_dancefloor
D:4:      layout_basic, riverfiend_overflow_shadow_ancestor, chei_slow_surprise
D:5:      layout_basic, lemuel_doored_altar, temple_fountains

Skill      XL: |  1  2  3  4  5  6  7 |
---------------+----------------------+-----
Polearms       | 5 6 7 |  7.9
Armour         | 1 |  1.1
Fighting       | 3 4 |  4.1
Stealth        | 1 0 |  0.0
Dodging        | 5 |  5.5
Ice Magic      | 1 2 |  2.1
Staves         | 1 |  1.5
Throwing       | |  2.1

Action                   |  1- 3 |  4- 6 |  7- 9 || total
-------------------------+-------+-------+-------++-------
Melee: Trident           |    93 |   167 |    28 ||   288
Throw: Boomerang         |       |     1 |       ||     1
Invok: Renounce Religion |     1 |       |       ||     1
       Sacrifice Stealth |       |     1 |       ||     1
  Use: Scroll            |       |       |     2 ||     2
 Stab: Sleeping          |     2 |     4 |       ||     6
Armor: Leather armour    |    25 |       |       ||    25
       Animal skin       |     2 |    25 |     6 ||    33
Dodge: Dodged            |    77 |    99 |    28 ||   204

Table legend: (Time is in decaauts)
 A = Elapsed time spent in this place.
 B = Non-inter-level travel time spent in this place.
 C = Inter-level travel time spent in this place.
 D = Time resting spent in this place.
 E = Time spent auto-exploring this place.
 F = Levels seen in this place.
 G = Mean time per level.
                   A        B        C        D        E       F      G
               +--------+--------+--------+--------+--------+-----+--------+
         Total |   4413 |   4184 |    229 |    538 |   2371 |   5 |  882.6 |
       Dungeon |   4413 |   4184 |    229 |    538 |   2371 |   5 |  882.6 |
               +--------+--------+--------+--------+--------+-----+--------+

Top non-repeatable levels by time:
     D:1: 1254 daAuts
     D:4: 1170 daAuts
     D:3: 723 daAuts
     D:2: 661 daAuts
     D:5: 602 daAuts
